 Dungeon Crawl Stone Soup version 0.24.0-13-gcf9b319 (webtiles) character file.

Game seed: 717257024338654490, levelgen mode: deterministic

90 Fang the Skirmisher (level 4, -3/29 HPs)
             Began as a Gargoyle Berserker on Nov 21, 2019.
             Was a Believer of Trog.
             Killed from afar by Sigmund (12 damage)
             ... with a puff of flame
             ... on level 2 of the Dungeon.
             The game lasted 00:01:54 (1317 turns).

Fang the Skirmisher (Gargoyle Berserker)            Turns: 1317, Time: 00:01:55

Health: -3/29      AC:  5    Str: 21    XL:     4   Next: 56%
Magic:  4/4        EV: 12    Int:  8    God:    Trog [**....]
Gold:   108        SH:  0    Dex:  9    Spells: 3/3 levels left

rFire    . . .     SeeInvis .   a - +0 hand axe
rCold    . . .     Gourm    .   (no shield)
rNeg     + . .     Faith    .   b - +0 animal skin
rPois    ∞         Spirit   .   (no helmet)
rElec    +         Reflect  .   (no cloak)
rCorr    .         Harm     .   (no gloves)
MR       .....                  (no boots)
Stlth    +.........             (no amulet)
HPRegen  0.09/turn              (no ring)
MPRegen  0.09/turn              (no ring)

@: berserk cooldown, slowed, very slow
A: negative energy resistance 1, electricity resistance, unbreathing,
petrification resistance, rot immunity, AC +3
a: Berserk, Trog's Hand, Renounce Religion


You were on level 2 of the Dungeon.
You worshipped Trog.
Trog was pleased with you.
You were very hungry.

You visited 1 branch of the dungeon, and saw 2 of its levels.

You collected 108 gold pieces.

Inventory:

Hand Weapons
 a - a +0 hand axe (weapon)
Armour
 b - a +0 animal skin (worn)
Scrolls
 d - 3 scrolls of identify {unknown}
 h - a scroll of remove curse {unknown}
 j - a scroll of fear {unknown}
 l - 2 scrolls of random uselessness {unknown}
 m - a scroll of amnesia {unknown}
Potions
 e - 2 potions of might {unknown}
 f - a potion of resistance {unknown}
 g - a potion of curing {unknown}
 k - a potion of flight {unknown}
Comestibles
 c - a ration
 i - 22 chunks of flesh


   Skills:
 + Level 3.9 Fighting
 + Level 3.3 Axes
 + Level 3.1 Armour
 + Level 2.3 Dodging


You had 3 spell levels left.
You didn't know any spells.
Your spell library was empty.

Dungeon Overview and Level Annotations

Branches:
Dungeon (2/15)

Altars:

Annotations:
D:2 Sigmund


Innate Abilities, Weirdness & Mutations

You are resistant to torment.
Your stone body is resilient. (AC +3)
You are immune to poison.
You resist negative energy. (rN+)
You are resistant to electric shocks. (rElec)
You can survive without breathing.
You are immune to petrification.
You are immune to rotting.


Message History

You are too injured to fight recklessly!
You are too injured to fight recklessly!
You are too injured to fight recklessly!
You are too injured to fight recklessly!
You are too injured to fight recklessly!
You closely miss Sigmund.
Sigmund is severely wounded.
You closely miss Sigmund.
Sigmund is severely wounded.
Sigmund barely misses you.
You hit Sigmund.
Sigmund is almost dead.
You are no longer berserk.
You are exhausted.
You feel yourself slow down.
You hit Sigmund but do no damage.
Sigmund is almost dead.
Sigmund casts a spell at you. The puff of flame hits you!
You die...

.######.#
#..####
........# #..#
# ######..#
#..# # #.....#
#..####
#.###.#
#...... #.#
#.# ##.####
#)###.# #.#
#.....# #.#
###@#.# ##.#
#@#.# #..#
#.#.. #.## #.#
#.# # ..#
#.##### ###
##......
.######..###..
........##.#..
#####...#.##..


You could see Sigmund.

Vanquished Creatures
  2 adders (D:2)
  2 oozes (D:1)
  2 dart slugs
  3 leopard geckos
  A ball python (D:1)
  7 giant cockroaches
  8 goblins
  7 hobgoblins
  4 jackals (D:2)
  5 bats
  A frilled lizard (D:1)
  4 kobolds
  6 rats
52 creatures vanquished.

Notes
Turn   | Place    | Note
-------+----------+-------------------------------------------
     0 | D:1      | Fang the Gargoyle Berserker began the quest for the Orb.
     0 | D:1      | Reached XP level 1. HP: 14/14 MP: 1/1
    86 | D:1      | Reached XP level 2. HP: 9/19 MP: 2/2
   507 | D:1      | Reached XP level 3. HP: 21/23 MP: 3/3
   918 | D:2      | Reached ** piety under Trog
   935 | D:2      | Reached XP level 4. HP: 14/29 MP: 4/4
  1303 | D:2      | Noticed Sigmund
  1317 | D:2      | Killed from afar by Sigmund

Levels and vault maps discovered:
D:1:      minmay_arrival_four_houses, layout_basic, minmay_misc_feat_rows
D:2:      layout_loops_ring, minmay_bisected, uniq_sigmund

Skill      XL: |  1  2  3  4 |
---------------+-------------+-----
Axes           | 3 |  3.3
Dodging        | 2 |  2.3
Armour         | 3 |  3.1
Fighting       | |  3.9

Action                   |  1- 3 |  4- 6 || total
-------------------------+-------+-------++-------
Melee: Hand axe          |    93 |    73 ||   166
Invok: Berserk           |     2 |     1 ||     3
  Eat: Chunk             |     1 |     2 ||     3
Armor: Animal skin       |    49 |    24 ||    73
Dodge: Dodged            |    80 |    56 ||   136
